[Event "Prague Festival-Masters 2022"]
[Site "Prague"]
[Date "2022.06.09"]
[Round "2.4"]
[White "Shankland, Sam"]
[Black "Salem, A.R. Saleh"]
[Result "1-0"]
[ECO "B90"]
[WhiteElo "2718"]
[BlackElo "2690"]
[Annotator "TA"]
[PlyCount "125"]
[EventDate "2022.06.07"]
[EventType "tourn"]
[EventCountry "CZE"]
[SourceTitle "playchess.com"]
[Source "ChessBase"]
[SourceQuality "1"]
[TimeControl "40/5400+30:1800+30"]

1. e4 c5 2. Nf3 d6 3. d4 cxd4 4. Nxd4 Nf6 5. Nc3 a6 6. Be3 Ng4 7. Bg5 h6 8. Bh4 g5 9. Bg3 Bg7 10. h3 Ne5 11. Nf5 $1 {[%emt 0:00:10] 11.Nf5 scores better than 11.f3.} Bxf5 {[%emt 0:01:42] B90: Sicilian Najdorf: Unusual White 6th moves, 6 Be3 Ng4 and 6 Be3 e5.} 12. exf5 Nbd7 13. Be2 Rc8 {[%emt 0:01:47] The position is equal.} 14. O-O O-O 15. Re1 Nf6 16. Bxe5 dxe5 17. Bd3 {[%emt 0:00:23] [#]} Qc7 $146 ({Predecessor:} 17... Qb6 18. Rb1 Rfd8 19. Qf3 Rd4 20. Ne4 Rcd8 21. b3 Qc7 22. a4 Kf8 23. Rbc1 R8d7 {½-½ (44) Kireev,S (2422)-Roques,P (2326) LSS email 2017}) 18. Ne4 Rfd8 19. Qf3 Rd7 20. c3 Qb6 21. Rab1 Qa5 22. a3 Qb6 23. Re2 Kf8 24. Rbe1 Qb3 25. Bc2 Qb5 (25... Qxb2 26. Ba4 Qxa3 27. Bxd7 Nxd7 28. Nxg5 $1 $16) 26. g3 Nxe4 (26... Qxb2 27. Ba4 Qxa3 28. Bxd7 Nxd7 29. Nxg5 $1 $16) 27. Bxe4 Bf6 28. Rc2 Qb3 29. Rd1 Rcd8 30. Rxd7 Rxd7 31. Kg2 b5 32. Qe2 Qa4 33. Bf3 Rd6 34. Qe4 Qb3 35. Re2 Kg7 36. Qc2 Qc4 37. Re3 (37. g4 {is interesting.} Qf4 38. Bb7 Qc4 39. Re3) 37... Qa2 38. Re4 Qd5 39. a4 (39. Rd4 $5 Qc5 40. Rxd6 exd6 41. Qd3 $14) 39... Qc5 40. axb5 axb5 41. Qe2 e6 42. fxe6 Rxe6 43. Re3 b4 44. Be4 Bd8 45. c4 Rf6 (45... Bb6 {with more complications.} 46. Rf3 Qd6 47. b3 Rf6) 46. Bf3 Bc7 47. b3 Bb6 48. Rxe5 Qd4 49. Rd5 Qc3 50. Rd3 Qc1 (50... Qa1 $14) 51. Qd2 $16 Qb1 52. Qd1 (52. Rd6 $1 $16 {[%cal Rd6f6] Strongly threatening Rxf6.} Rxf3 53. Kxf3 Qh1+ 54. Ke2 (54. Kg4 Qe4+) 54... Qe4+ 55. Kd1 Qb1+ 56. Ke2 Qe4+ 57. Kd1 Qf3+ 58. Kc2 Bxf2 59. Rd3) 52... Qb2 $14 53. Qd2 (53. Rd2 $14 Qc3 54. Bd5) 53... Qb1 $16 54. Rd6 $1 $36 {[%emt 0:01:35][%mdl 2048] aiming for Rxf6. Keeping Black busy.} Rxf3 {[%emt 0:00:00] This move loses the game for Black.} (54... Qxb3 $2 55. Rxf6 Kxf6 56. Qd6+ Kg7 57. Qxb6 $18) (54... Qa1 $16 {keeps fighting.} 55. Rxf6 (55. Qxb4 Rxd6 56. Qxd6 Qd4 $16) 55... Qxf6 56. Qxb4 Bd4) 55. Rxb6 {[%emt 0:00:13][%mdl 4096] Endgame KQR-KQR. Chess con chili.} Qe4 {[%emt 0:00:48] Inhibits Qd4+. ( -> ...Rd3+)} 56. Kh2 ({Not} 56. Qb2+ f6 57. Qa1 Kg6 $11) 56... Qf5 (56... Qe5 $142) 57. Qd4+ $1 $18 f6 58. Kg2 (58. Rxb4 Rxf2+) ({Worse is} 58. Rb7+ Kg6 59. Kg2 Rd3 $11) 58... Rxb3 $2 {[%emt 0:00:37] [#]} (58... Rd3 59. Rxf6 Rxd4 60. Rxf5 Rd3) 59. Rb7+ $1 Kg6 {[%emt 0:00:01] [#]} 60. Qa7 $1 {[%emt 0:00:27] Intending Rg7+ and mate.} Qe4+ 61. Kh2 {[%emt 0:00:02] White threatens Rg7+ and mate.} Qxc4 62. Rg7+ Kh5 63. Qe7 {[%emt 0:01:05] Weighted Error Value: White=0.08 (flawless) /Black=0.28 (precise)} 1-0

[Event "Prague Festival-Masters 2022"]
[Site "Prague"]
[Date "2022.06.09"]
[Round "2.5"]
[White "Anton Guijarro, David"]
[Black "Vidit, Santosh Gujrathi"]
[Result "1/2-1/2"]
[ECO "C43"]
[WhiteElo "2691"]
[BlackElo "2723"]
[Annotator "TA"]
[PlyCount "33"]
[EventDate "2022.06.07"]
[EventType "tourn"]
[EventCountry "CZE"]
[SourceTitle "playchess.com"]
[Source "ChessBase"]
[SourceQuality "1"]
[TimeControl "40/5400+30:1800+30"]

1. e4 {[%emt 0:00:06] Edouard,Romain} e5 2. Nf3 Nf6 3. d4 Nxe4 4. dxe5 Bc5 5. Bc4 Nxf2 {[%emt 0:00:36] The position is equal.} (5... Bxf2+ $2 6. Kf1 $16) 6. Bxf7+ $1 {[%emt 0:00:41][%mdl 64] [#] Decoy. C43: Petroff Defence: 3 d4.} Kxf7 7. Qd5+ Kg6 {[%emt 0:00:17] And now ...d6 would win.} 8. Qxc5 Nxh1 9. Nc3 {[%emt 0:01:28][%cal Bb1c3,Bc3d5,Bd5f4][%mdl 32] Strongly threatening Nd5.} h6 ({Don't take} 9... d5 10. Nxd5 h6 11. Qc4 $16) 10. Qc4 {[%emt 0:01:56] Black must now prevent Nd5.} Nc6 $5 {[%emt 0:00:43][%mdl 4] An interesting side line.} 11. Nd5 {[%emt 0:17:42][%mdl 1024] White has compensation.} d6 (11... Kh7 $2 {[#]} 12. Nf6+ $1 Qxf6 13. exf6 Re8+ 14. Kf1 $18) 12. Nf4+ Kh7 13. Qe4+ Kg8 {[%emt 0:00:07] ...Qf8 is the strong threat.} 14. Qd5+ Kh7 15. Qe4+ Kg8 {[%emt 0:00:06] Threatens to win with ...Qf8.} 16. Qd5+ Kh7 {[%emt 0:00:05] [#]} 17. Qe4+ $146 {[%emt 0:00:05] A balanced but interesting game.  Weighted Error Value: White=0.01 (flawless) /Black=0.03 (flawless)} ({Predecessor:} 17. Qd3+) 1/2-1/2

[Event "Prague Festival-Masters 2022"]
[Site "Prague"]
[Date "2022.06.10"]
[Round "3.1"]
[White "Le, Quang Liem"]
[Black "Navara, David"]
[Result "1-0"]
[ECO "D38"]
[WhiteElo "2709"]
[BlackElo "2682"]
[Annotator "TA"]
[PlyCount "95"]
[EventDate "2022.06.07"]
[EventType "tourn"]
[EventCountry "CZE"]
[SourceTitle "playchess.com"]
[Source "ChessBase"]
[SourceQuality "1"]
[TimeControl "40/5400+30:1800+30"]

1. Nf3 d5 2. d4 Nf6 3. c4 e6 4. Nc3 Bb4 5. Qa4+ Nc6 6. e3 (6. a3 Bxc3+ 7. bxc3 Bd7 8. cxd5 exd5 9. Bg5 h6 10. Bh4 O-O 11. e3 Re8 12. Qc2 g5 13. Bg3 Ne4 14. Nd2 Bf5 15. Nxe4 Bxe4 16. Qd1 Qd7 17. h4 g4 18. h5 Kh7 19. Rh4 Rg8 20. Be2 Bf5 21. c4 Na5 22. cxd5 Qxd5 {1-0 (40) Le,Q (2709)-Navara,D (2700) chess24.com INT 2022}) 6... O-O 7. Qc2 {[%emt 0:00:19] D38: Queen's Gambit Declined: Ragozin Defence (4 Nf3 Bb4).} Re8 8. Bd2 Bf8 {[%emt 0:00:22] 8...Bf8 is better than 8...a6.} 9. a3 {[%emt 0:00:30] The position is equal.} e5 10. dxe5 Nxe5 11. cxd5 Nxd5 12. Nxe5 Rxe5 13. e4 Nxc3 14. Bxc3 Re8 15. Bd3 {[%emt 0:00:47] [#]} Bd6 $146 ({Predecessor:} 15... Qg5 16. O-O Bd6 17. Rae1 Bf4 18. e5 Qh5 19. g3 Bh3 20. Be2 Qg5 21. Kh1 Rad8 22. Bd3 Qh5 23. Be2 Qg5 24. Bd3 Qh5 {½-½ (24) Fier,A (2580)-Swayams,M (2447) Llucmajor 2018}) 16. O-O-O {[%emt 0:05:36][%cal Oe4e5] e5! is the strong threat.} Qg5+ 17. Kb1 Be5 18. h4 Qf6 19. Bxe5 Qxe5 20. Qc1 Be6 21. f4 Qa5 22. Bc2 Qb5 23. Qe3 Rad8 24. Qg3 {[%emt 0:09:13] Black must now prevent Rxd8.} f5 $1 (24... Qc4 25. b3 Qc5 26. f5 Rxd1+ 27. Rxd1 $16) 25. Qg5 h6 26. Qxd8 Rxd8 27. Rxd8+ Kf7 28. exf5 (28. Ka1 $1 $14 {feels stronger.}) 28... Bxf5 $11 29. Rc1 c6 30. g3 Be6 31. Re1 Qa5 32. Rdd1 {[%emt 0:00:34] The board is on fire.} Qc5 {[%emt 0:00:38][%mdl 8192] [#] This costs Black the game.} (32... Bf5 $1 $14) 33. Re5 $1 $18 Qf2 (33... Qf8 $142 34. Bb3 Bxb3) 34. Rde1 Bg4 35. R1e3 Qf1+ {[%emt 0:00:32] [#]} 36. Ka2 $1 Kf6 37. f5 {[%emt 0:01:29] And now Re6+ would win.} Bf3 38. Re6+ Kf7 39. Re7+ Kf8 40. Re8+ Kf7 41. R3e7+ Kf6 42. Re1 Qc4+ 43. Bb3 {[%emt 0:07:35] White wants to mate with Rf8+.} Qc5 {[%emt 0:00:12] Prevents Rf8+.} 44. R8e6+ Kxf5 45. Rf1 Kg4 46. Rg6+ Kh5 47. Rxg7 Bd5 48. Rf5# {[%emt 0:41:17] Weighted Error Value: White=0.04 (flawless) /Black=0.59} 1-0

[Event "Prague Festival-Masters 2022"]
[Site "Prague"]
[Date "2022.06.10"]
[Round "3.2"]
[White "Harikrishna, Pentala"]
[Black "Shankland, Sam"]
[Result "1/2-1/2"]
[ECO "D85"]
[WhiteElo "2705"]
[BlackElo "2718"]
[Annotator "TA"]
[PlyCount "64"]
[EventDate "2022.06.07"]
[EventType "tourn"]
[EventCountry "CZE"]
[SourceTitle "playchess.com"]
[Source "ChessBase"]
[SourceQuality "1"]
[TimeControl "40/5400+30:1800+30"]

1. d4 Nf6 2. c4 g6 3. Nc3 d5 4. cxd5 Nxd5 5. e4 Nxc3 6. bxc3 Bg7 7. Qa4+ {[%emt 0:00:14] 7.Nf3 is a critical line.} Nd7 8. Nf3 O-O 9. Be2 {[%emt 0:02:58] D85: Exchange Grünfeld: Unusual White 7th moves and lines with 7 Nf3.} Nb6 10. Qb4 Qd6 {[%emt 0:00:52] [#]} 11. Be3 $146 ({Predecessor:} 11. O-O Bd7 12. Be3 Qxb4 13. cxb4 Bc6 14. Nd2 f5 15. f3 Rfd8 16. b5 Be8 17. Nb3 {½-½ (36) Yu,Y (2763)-Wei,Y (2721) Khanty-Mansiysk 2019}) 11... Qxb4 12. cxb4 Bd7 13. Rc1 Rfc8 14. O-O a6 15. Rfe1 Bb5 16. Nd2 c6 {[%emt 0:16:53] The position is equal.} 17. Nb3 Rd8 18. d5 Nd7 19. dxc6 bxc6 20. h3 e6 21. Nd4 Ne5 22. Bxb5 cxb5 23. Nc6 Nxc6 24. Rxc6 Bf8 25. a3 Rd3 26. Rec1 Rxa3 27. Rc8 Rxc8 28. Rxc8 {[%emt 0:00:04] [#] White threatens Bh6 and mate.} Kg7 {[%emt 0:00:07] Against Bh6+. Threatens to win with ...Ra1+.} 29. Bd4+ f6 30. Rc7+ Kg8 31. Rc8 {[%emt 0:00:33] Bc5 is the strong threat.} Kf7 32. Rc7+ Kg8 {[%emt 0:00:04] An uneventful encounter.  Weighted Error Value: White=0.07 (flawless) /Black=0.05 (flawless)} 1/2-1/2

[Event "Prague Festival-Masters 2022"]
[Site "Prague"]
[Date "2022.06.10"]
[Round "3.3"]
[White "Nguyen, Thai Dai Van"]
[Black "Anton Guijarro, David"]
[Result "1-0"]
[ECO "D45"]
[WhiteElo "2612"]
[BlackElo "2691"]
[Annotator "TA"]
[PlyCount "83"]
[EventDate "2022.06.07"]
[EventType "tourn"]
[EventCountry "CZE"]
[SourceTitle "playchess.com"]
[Source "ChessBase"]
[SourceQuality "1"]
[TimeControl "40/5400+30:1800+30"]

1. Nf3 d5 2. d4 Nf6 3. c4 e6 4. Nc3 c6 5. e3 Nbd7 6. Qc2 Bd6 7. b3 O-O 8. Be2 b6 9. O-O Bb7 10. Bb2 Rc8 11. Rad1 {[%emt 0:04:43] 11.Rad1 is better than 11.e4. D45: Semi-Slav: 5 e3.} c5 12. dxc5 Nxc5 13. cxd5 {[%emt 0:00:29][%cal Bc4d5,Bd5e6,Be6f7][%mdl 32] The position is equal.} Nce4 {[%emt 0:01:58] [#]} 14. dxe6 $5 $146 {[%emt 0:16:07][%mdl 8] An interesting novelty.} ({Predecessor:} 14. Qd3 Nxc3 15. Bxc3 Nxd5 16. Bb2 Qe7 17. Qd4 f6 18. Bc4 f5 19. Qh4 Qxh4 20. Nxh4 {½-½ (34) Sethuraman,S (2613)-Cheparinov,I (2664) Sitges 2021}) 14... Nxc3 $1 15. Bxc3 {[%emt 0:00:32] Threatens to win with Ng5.} Ne4 {[%emt 0:02:03] Prevents Ng5.} 16. Bc4 b5 (16... Nxc3 $11 17. Qxc3 Bxf3 18. gxf3 (18. exf7+ $2 Kh8 $19) 18... Qg5+ 19. Kh1 Qh5) 17. exf7+ $14 Kh8 {[%emt 0:00:04] [#]} 18. Be5 bxc4 $11 19. Rd4 $1 ({But not} 19. Bxd6 $2 Nxd6 20. bxc4 Bxf3 21. gxf3 Qg5+ 22. Kh1 Qf6 $19) 19... Qe7 20. Rxe4 Bxe4 21. Qxe4 $40 {[%emt 0:00:08][%mdl 128] And now h4 would win. White mounts an attack. Really sharp!} c3 22. h4 Bxe5 23. Nxe5 {[%emt 0:00:10][%cal Oe5g6] Strongly threatening Ng6+!} Qd6 {[%emt 0:00:21] Inhibits Ng6+. ...c2 is the strong threat.} 24. Nc4 Qa6 (24... Qf6 $11) 25. Qe7 Qg6 (25... Rcd8 $1 $11 {keeps the balance.}) 26. Nd6 $16 Rcd8 {[%emt 0:03:44] Loses the game.} (26... Ra8 $16 {was called for.}) 27. Ne8 $18 Qxf7 28. Qxd8 {[%emt 0:00:06][%cal Oe8d6] Hoping for Nd6!} Rxe8 {[%emt 0:00:03][%mdl 4096] Endgame KQR-KQR} 29. Qd3 Rc8 30. Rc1 Qc7 31. Rc2 h6 32. g3 Qa5 33. Qd4 Rc6 34. e4 Qc7 35. e5 Kg8 36. Kh2 Kf7 (36... a6 $142 37. f4 Qc8 38. Qd5+ Kh8) 37. Qd5+ Ke7 38. b4 {[%emt 0:00:36] Prevents Rc5.} a6 39. a3 g5 40. hxg5 hxg5 41. e6 {[%emt 0:08:38] Against Qd7} g4 42. Re2 {[%emt 0:05:17] Weighted Error Value: White=0.07 (flawless) /Black=0.49} 1-0

[Event "Prague Festival-Masters 2022"]
[Site "Prague"]
[Date "2022.06.10"]
[Round "3.4"]
[White "Vidit, Santosh Gujrathi"]
[Black "Vallejo Pons, Francisco"]
[Result "1/2-1/2"]
[ECO "B46"]
[WhiteElo "2723"]
[BlackElo "2704"]
[Annotator "TA"]
[PlyCount "67"]
[EventDate "2022.06.07"]
[EventType "tourn"]
[EventCountry "CZE"]
[SourceTitle "playchess.com"]
[Source "ChessBase"]
[SourceQuality "1"]
[TimeControl "40/5400+30:1800+30"]

1. e4 c5 2. Nf3 e6 3. d4 cxd4 4. Nxd4 Nc6 5. Nc3 a6 6. Nxc6 bxc6 7. Bd3 d5 8. O-O Nf6 9. Re1 Be7 {[%emt 0:01:24] B46: Sicilian: Taimanov: 5 Nc3 a6.} 10. Bf4 O-O 11. Qf3 a5 12. Na4 Ba6 {[%emt 0:07:02] [#]} 13. b3 $146 ({Predecessor:} 13. Qe2 Bxd3 14. cxd3 Nd7 15. Rac1 Nb6 16. Nc5 Re8 17. Qg4 Bf8 18. h4 e5 19. Be3 {1-0 (74) Popilski,G (2519)-Mishuchkov,N (2320) Pardubice 2015}) 13... Bb5 14. c4 Bxa4 15. bxa4 Bb4 16. Red1 Qe7 17. Bg5 {[%emt 0:09:03] [#] aiming for e5.} h6 18. Bxf6 Qxf6 19. Qxf6 gxf6 20. cxd5 cxd5 21. exd5 exd5 22. Bb5 Bc3 23. Rab1 d4 24. Rd3 Rfc8 25. Rg3+ Kf8 26. Rh3 Kg7 27. Rg3+ Kf8 28. Rh3 Kg7 {[%emt 0:00:12] The position is equal.} 29. Bd3 Bb4 30. Rh4 Rd8 31. Rg4+ Kf8 32. Rh4 Kg7 33. Rg4+ Kf8 34. Rh4 {[%emt 0:01:11] Weighted Error Value: White=0.07 (flawless) /Black=0.04 (flawless)} 1/2-1/2

[Event "Prague Festival-Masters 2022"]
[Site "Prague"]
[Date "2022.06.10"]
[Round "3.5"]
[White "Salem, A.R. Saleh"]
[Black "Maghsoodloo, Parham"]
[Result "1/2-1/2"]
[ECO "C88"]
[WhiteElo "2690"]
[BlackElo "2699"]
[Annotator "TA"]
[PlyCount "70"]
[EventDate "2022.06.07"]
[EventType "tourn"]
[EventCountry "CZE"]
[SourceTitle "playchess.com"]
[Source "ChessBase"]
[SourceQuality "1"]
[TimeControl "40/5400+30:1800+30"]

1. e4 e5 2. Nf3 Nc6 3. Bb5 a6 4. Ba4 Nf6 5. O-O b5 6. Bb3 Bb7 7. Re1 Be7 8. d3 O-O 9. Nbd2 {[%emt 0:05:00] C88: Closed Ruy Lopez: Anti-Marshall Systems.} Bc5 10. c3 d6 11. Nf1 {[%emt 0:00:59] White is slightly better.} Ne7 12. Bg5 Ng6 13. Nh4 {[%emt 0:03:33] [#]} Nxh4 $146 ({Predecessor:} 13... Kh8 14. a4 h6 15. Nxg6+ fxg6 16. Be3 Nh5 17. Qd2 Bxe3 18. Nxe3 Kh7 19. f3 c5 20. d4 Qg5 21. Kh1 d5 22. Bxd5 Bxd5 23. exd5 exd4 24. cxd4 c4 25. axb5 axb5 {½-½ (24) Hogar,R (2049)-Gazen,L (1983) LSS email 2017}) 14. Bxh4 h6 15. Ne3 g5 {[%emt 0:03:46] [#] Strongly threatening ...Bxe3.} 16. Bg3 Bxe3 17. Rxe3 Kg7 18. a4 Qe7 19. Re1 c5 20. h4 Bc6 21. d4 (21. Bc2 {seems wilder.} bxa4 22. Bxa4 Bxa4 23. Rxa4 Rfb8 24. d4) 21... cxd4 (21... Bxe4 $2 22. dxc5 dxc5 23. hxg5 hxg5 24. Qc1 $18) 22. cxd4 bxa4 (22... Bxe4 $2 23. hxg5 hxg5 24. axb5 $18) ({Don't do} 22... Nxe4 23. d5 Nxg3 24. dxc6 $16) 23. Bxa4 Bxa4 (23... Bxe4 $2 24. hxg5 hxg5 25. Qd2 $18 (25. f3 Nh5 $18)) 24. Rxa4 Rfb8 25. Qe2 Rb6 26. Ra5 {[%emt 0:01:28] [#] aiming for hxg5.} Nd7 27. hxg5 hxg5 28. Rd1 f6 29. Rd5 (29. dxe5 $14 {is more appropriate.} dxe5 30. f3) 29... Nf8 $1 $11 {[%emt 0:00:51] The position is equal.} 30. dxe5 dxe5 31. f3 Rab8 32. Bf2 Rxb2 33. Qxa6 {[%emt 0:00:01] Bc5 is the strong threat.} Rb1 34. Qf1 Rxd1 35. Qxd1 Rc8 {[%emt 0:00:13] Weighted Error Value: White=0.05 (flawless) /Black=0.06 (flawless)} 1/2-1/2

[Event "Prague Festival-Masters 2022"]
[Site "Prague"]
[Date "2022.06.11"]
[Round "4.1"]
[White "Nguyen, Thai Dai Van"]
[Black "Le, Quang Liem"]
[Result "1/2-1/2"]
[ECO "E11"]
[WhiteElo "2612"]
[BlackElo "2709"]
[Annotator "TA"]
[PlyCount "61"]
[EventDate "2022.06.07"]
[EventType "tourn"]
[EventCountry "CZE"]
[SourceTitle "playchess.com"]
[Source "ChessBase"]
[SourceQuality "1"]
[TimeControl "40/5400+30:1800+30"]

1. Nf3 d5 2. d4 Nf6 3. c4 e6 4. g3 Bb4+ 5. Bd2 a5 6. Bg2 O-O 7. Qc2 c5 {[%emt 0:00:16] E11: Bogo-Indian.} 8. cxd5 {[%emt 0:02:21] 8.cxd5 is better than 8.dxc5.} cxd4 9. Nxd4 Qb6 {[%emt 0:00:09] White is slightly better.} 10. e3 exd5 11. O-O Nc6 12. Nxc6 bxc6 13. Rc1 Rb8 14. Nc3 h5 15. a3 Be7 16. Na4 Qc7 17. Qxc6 Qxc6 {[%emt 0:00:10] The position is equal.} 18. Rxc6 Bd7 19. Rc7 Bd8 $1 20. Rxd7 Nxd7 21. Rd1 Nb6 22. Nxb6 {[%emt 0:00:13] [#]} Rxb6 $146 ({Predecessor:} 22... Bxb6 23. Bxd5 Rfd8 24. e4 Kh8 25. Bc3 Rbc8 26. Rd3 f5 27. exf5 Rc5 28. Be4 Rxd3 29. Bxd3 {½-½ (50) Makarian,R (2481)-Hovhannisyan,R (2632) Tornelo INT 2021}) 23. b4 axb4 24. Bxb4 Re8 25. Rxd5 Be7 26. Re5 Kf8 27. Rxh5 {[%emt 0:00:24][%cal Rh5h8] [#]} Bxb4 28. Rh8+ Ke7 29. Rxe8+ Kxe8 30. axb4 Rxb4 31. h4 {[%emt 0:00:06] Weighted Error Value: White=0.03 (flawless) /Black=0.01 (flawless)} 1/2-1/2

[Event "Prague Festival-Masters 2022"]
[Site "Prague"]
[Date "2022.06.11"]
[Round "4.2"]
[White "Navara, David"]
[Black "Salem, A.R. Saleh"]
[Result "1-0"]
[ECO "D85"]
[WhiteElo "2682"]
[BlackElo "2690"]
[Annotator "TA"]
[PlyCount "75"]
[EventDate "2022.06.07"]
[EventType "tourn"]
[EventCountry "CZE"]
[SourceTitle "playchess.com"]
[Source "ChessBase"]
[SourceQuality "1"]
[TimeControl "40/5400+30:1800+30"]

1. d4 Nf6 2. c4 g6 3. Nc3 d5 4. cxd5 Nxd5 5. e4 Nxc3 6. bxc3 Bg7 7. Be3 c5 8. Rc1 O-O 9. Qd2 Nd7 {[%emt 0:00:24] D85: Exchange Grünfeld: Unusual White 7th moves and lines with 7 Nf3.} 10. Bd3 e5 11. d5 f5 {[%emt 0:00:07] The position is equal.} 12. Bg5 {[%emt 0:00:08] [#]} Bf6 $146 ({Predecessor:} 12... Nf6 13. c4 Qd6 14. Ne2 h6 15. Bxf6 Rxf6 16. Nc3 Bd7 17. Rb1 Rb8 18. Bc2 a6 19. a4 b6 20. f3 h5 21. Bd3 Kh7 22. Qe2 {½-½ (22) Petrosyan,M (2569)-Erdos,V (2627) Batumi 2018}) 13. h4 f4 (13... Bxg5 $11 14. hxg5 Nb6) 14. Nf3 $14 Kg7 15. c4 h6 16. Bxf6+ Qxf6 17. Qc3 Re8 18. Bc2 Nb6 19. a4 Bd7 20. Rb1 {[%emt 0:04:14] [#] aiming for a5.} Rab8 21. Nd2 Nc8 (21... Nxa4 22. Qa3 b5 23. Bxa4 (23. cxb5 Nb6 $14) 23... bxa4 24. Rxb8 Rxb8 25. Qxc5 $16) 22. Qa3 b6 23. a5 Nd6 24. Ba4 b5 25. cxb5 Bxb5 {[%emt 0:00:07] [#]} 26. Bxb5 (26. Qxc5 $1 $16 Rbc8 27. Qb4 (27. Qxa7+ $2 Re7 $19)) 26... Nxb5 $11 27. Qh3 (27. Qxc5 Rec8 28. Rxb5 (28. Qb4 $2 Nc3 $19) 28... Rxc5 29. Rxc5 f3 30. gxf3 (30. Rc7+ $2 Kf8 $19) 30... Qa6 $17) 27... Nd4 28. O-O {[%emt 0:01:01] And now Rxb8 would win.} h5 $1 29. Nf3 Nxf3+ (29... Qe7 $11 {keeps the balance.}) 30. gxf3 $16 {[%emt 0:09:40] Rxb8 is the strong threat.} Kh6 31. Rfc1 {[%emt 0:02:25][%cal Bf1c1,Bc1c5,Bc5c6][%mdl 32] Strongly threatening Rxb8.} Red8 {[%emt 0:10:44][%mdl 8192] Loses the game.} (31... Qe7 $16) 32. Rxb8 $18 Rxb8 33. Rxc5 {[%emt 0:00:17] Black must now prevent Rc7. KQR-KQR} Rb1+ 34. Kg2 {[%emt 0:04:17] Qc8 would kill now.} Qa6 35. Kh2 Qf6 36. Rc6 Qd8 37. Kg2 a6 38. Qf5 {[%emt 0:02:30] Weighted Error Value: White=0.07 (flawless) /Black=0.41} 1-0

[Event "Prague Festival-Masters 2022"]
[Site "Prague"]
[Date "2022.06.11"]
[Round "4.3"]
[White "Maghsoodloo, Parham"]
[Black "Harikrishna, Pentala"]
[Result "0-1"]
[ECO "D12"]
[WhiteElo "2699"]
[BlackElo "2705"]
[Annotator "TA"]
[PlyCount "148"]
[EventDate "2022.06.07"]
[EventType "tourn"]
[EventCountry "CZE"]
[SourceTitle "playchess.com"]
[Source "ChessBase"]
[SourceQuality "1"]
[TimeControl "40/5400+30:1800+30"]

1. d4 d5 2. c4 c6 3. Nf3 Nf6 4. e3 Bf5 5. Nc3 e6 6. Nh4 Be4 7. f3 Bg6 8. Qb3 Qb6 9. Nxg6 hxg6 10. Bd2 {[%emt 0:00:18][%cal Bc1d2,Bd2e1,Be1f2,Bf2g3][%mdl 32] D12: Slav Defence: 3 Nf3 Nf6 4 e3 Bf5.} Nbd7 11. O-O-O Qxb3 12. axb3 {[%emt 0:00:06] White has an edge.} Bb4 $5 {[%emt 0:00:21][%mdl 4] Leaves trodden paths.} 13. Kc2 O-O-O 14. Bd3 a6 {[%emt 0:06:24] [#]} 15. Be1 $146 ({Predecessor:} 15. h3 c5 16. Bc1 cxd4 17. exd4 dxc4 18. bxc4 Nb8 19. Be3 Nc6 20. Be4 Bxc3 21. Kxc3 Nxe4+ 22. fxe4 {1-0 (43) Arsovic,G (2409)-Stankovic,D (2281) Kraljevo 2011}) 15... Bd6 16. h4 Ne8 17. e4 Nc7 18. Bf2 Be7 19. g4 a5 20. Bg3 Nb8 21. Be2 Bd6 22. e5 Bb4 23. c5 (23. Na4 $5 b5 24. cxb5 $14) 23... b6 24. cxb6 Na8 25. Na2 Be7 26. Be1 Kb7 27. Bxa5 c5 28. dxc5 Bxc5 29. b4 Bxb6 (29... Be3 $14) 30. f4 $16 Rc8+ 31. Nc3 Nc6 32. Bxb6 Nxb6 33. Kb3 Ra8 34. b5 Na5+ 35. Kb4 Nac4 (35... Rhc8 $2 36. b3) 36. b3 Ne3 {[%emt 0:01:08] ( -> ...Nc2+)} 37. Rc1 {[%emt 0:00:41] Inhibits Nc2+.} (37. Rd3 Nc2+ 38. Kc5 Rac8+ 39. Kd6 Rhd8+ 40. Ke7 Rd7#) (37. Rd2 $1 $16) 37... Rhc8 $11 38. Bf3 {[%emt 0:01:16] [#]} (38. Bd3 $11 {keeps the balance.}) 38... Ra1 $1 $17 39. h5 {[%emt 0:02:23] [#]} (39. Rxa1 $2 Nc2+ 40. Ka5 Ra8#) 39... gxh5 {[%emt 0:00:13] Dancing on a razor blade.} 40. gxh5 {[%emt 0:00:00] [#]} (40. Rxa1 $2 Nc2+ 41. Ka5 Ra8#) 40... Kb8 $1 {[%emt 0:00:00] Black is more active.} 41. f5 {[%emt 0:05:44] [#]} (41. Rxa1 {leads to mate.} Nc2+ 42. Ka5 Kb7 43. Bxd5+ exd5 44. h6 Ra8#) 41... exf5 42. h6 $1 $15 {[%emt 0:03:00] [#]} (42. Rxa1 {gets mated.} Nc2+ 43. Ka5 Kb7 44. Bxd5+ Nxd5 45. b6 Nxc3 46. h6 Rc5#) 42... gxh6 43. Rxa1 $11 Nc2+ {[%emt 0:00:06] Pair of Knights!} 44. Ka5 Kb7 45. Bxd5+ Nxd5 46. Rxh6 {[%emt 0:00:05][%cal Oa1d1] Black must now prevent Rd1!} Rxc3 (46... f6 $5 47. Rh7+ Nc7 48. Rxc7+ Rxc7 $11) 47. Ra4 Nce3 48. e6 (48. Rh7 $11 {remains equal.}) 48... fxe6 $17 49. Rxe6 f4 (49... Rxb3 $5 50. Rg6 Rd3 $17) 50. Rxf4 Nxf4 51. Rb6+ Kc7 52. Rc6+ Rxc6 53. bxc6 Ned5 54. b4 Nb6 55. Kb5 Ne6 56. Ka6 Kxc6 57. b5+ Kc5 58. Kb7 $2 (58. Ka7 $11) 58... Nd8+ 59. Kc7 $2 (59. Ka6 $11) 59... Nf7 60. Kb7 $2 (60. Kb8 $11) 60... Ne5 61. Kc7 $2 (61. Ka6 $11) 61... Ned7 62. Kd8 $2 (62. Kb7 $11) 62... Kd6 63. Ke8 Ne5 64. Kf8 $2 (64. Kd8 $11) 64... Ke6 65. Kg7 $2 (65. Ke8 $11) 65... Kf5 66. Kh6 $2 {[%emt 0:00:22][%mdl 8192] [#]} (66. Kh7 $11) 66... Kg4 $1 67. Kh7 Kh5 68. Kg7 Kg5 69. Kh7 Nf7 70. Kg7 $2 (70. Kg8 $11) 70... Nd6 {[%emt 0:00:14] Black mates.} 71. Kh7 Nf5 72. Kg8 Kf6 73. Kh7 Kf7 74. Kh8 Nd7 {[%emt 0:00:44] Quite a comeback for Black.  Weighted Error Value: White=0.13 (very precise) /Black=0.11 (very precise)} 0-1